 Dungeon Crawl Stone Soup version 0.20-a0-1109-ge3cd172 (webtiles) character file.

224 JeffiDaFish the Covered (level 6, -1/38 HPs)
             Began as a Gargoyle Fighter on May 5, 2017.
             Slain by an orc warrior
             ... wielding a +0 short sword
              (15 damage)
             ... on level 6 of the Dungeon.
             The game lasted 00:04:18 (2248 turns).

JeffiDaFish the Covered (Gargoyle Fighter)          Turns: 2248, Time: 00:04:19

Health: -1/38      AC: 14    Str: 20    XL:     6   Next: 0%
Magic:  6/6        EV: 15    Int: 15    God:
Gold:   182        SH: 10    Dex: 21    Spells: 5/5 levels left

rFire    . . .     SeeInvis .   a - +1 flail
rCold    . . .     Gourm    .   c - +0 shield
rNeg     + . .     Faith    .   b - +0 scale mail
rPois    ∞         Spirit   .   (helmet restricted)
rElec    +         Reflect  .   (no cloak)
rCorr    .         Harm     .   (no gloves)
MR       .....                  h - +2 pair of boots {Fly}
Stlth    +++.......             (no amulet)
Regen    0.2/turn               l - +5 ring of intelligence
MPRegen  0.1/turn               o - +5 ring of dexterity

@: agile, flying
A: horns 1, repulsion field 1, camouflage 1, clever 1, negative energy
resistance 1, electricity resistance, unbreathing, petrification resistance, rot
immunity, AC +4
a: Stop Flying


You were on level 6 of the Dungeon.
You were not hungry.

You visited 1 branch of the dungeon, and saw 4 of its levels.

You collected 182 gold pieces.

Inventory:

Hand Weapons
 a - a +1 flail (weapon)
Armour
 b - a +0 scale mail (worn)
 c - a +0 shield (worn)
 h - a +2 pair of boots of flying (worn)
Jewellery
 l - a +5 ring of intelligence (left hand)
 o - a +5 ring of dexterity (right hand)
Wands
 p - a wand of clouds (4/9)
Scrolls
 j - 2 scrolls of remove curse
 k - 3 scrolls of teleportation
 n - a scroll of enchant weapon
Potions
 d - a potion of curing
Comestibles
 f - 2 bread rations
 g - 6 chunks of flesh
 i - a royal jelly
 m - 2 fruits


   Skills:
 + Level 4.2 Fighting
 + Level 3.7 Maces & Flails
 + Level 4.3 Armour
 + Level 0.8 Dodging
 + Level 0.5 Stealth
 + Level 4.2 Shields


You had 5 spell levels left.
You didn't know any spells.

Dungeon Overview and Level Annotations

Branches:
Dungeon (3/15)

Altars:
Gozag


Innate Abilities, Weirdness & Mutations

You are resistant to torment.
Your stone body is resilient. (AC +4)
You are immune to poison.
You resist negative energy. (rN+)
You are resistant to electric shocks. (rElec)
You can survive without breathing.
You are immune to petrification.
You are immune to rotting.
You have a pair of small horns on your head.
You are surrounded by a mild repulsion field. (EV +2)
Your skin changes colour to match your surroundings (Stealth+).
Your mind is acute. (Int +2)


Message History

You block the orc's attack.
The orc warrior hits you but does no damage.
You barely miss the orc warrior.
The orc warrior is heavily wounded.
The orc hits you but does no damage. x2
The orc warrior hits you with a short sword.
You block the orc's attack.
You feel agile all of a sudden. The orc misses you.
You block the orc warrior's attack. The orc barely misses you.
You sock the orc warrior! Your headbutt misses the orc warrior.
The orc warrior is almost dead.
The orc closely misses you.
The orc warrior hits you but does no damage.
The orc misses you.
Some of the chunks of flesh in your inventory have rotted away.
You hit the orc warrior but do no damage.
The orc warrior is almost dead.
The orc warrior hits you with a short sword!
You die...

#+##
##...##
##...(.##
##....?..##
#.........#
+..@o...!.+
#..oo.....#
##.......##
##.....##
##...##
#+##


You could see an orc warrior and 2 orcs.

Vanquished Creatures
  Ijyb (D:3)
  Natasha (thrice) (D:2)
  4 adders
  2 oozes
  4 worms
  3 dart slugs
  4 orcs (D:3)
  14 goblins
  2 hobgoblins (D:3)
  4 jackals (D:3)
  2 quokkas (D:3)
  A ball python (D:3)
  6 bats
  A frilled lizard (D:3)
  7 kobolds
  2 rats
60 creatures vanquished.

Notes
Turn   | Place    | Note
-------+----------+-------------------------------------------
     0 | D:1      | JeffiDaFish the Gargoyle Fighter began the quest for the Orb.
     0 | D:1      | Reached XP level 1. HP: 14/14 MP: 1/1
    38 | D:1      | Reached XP level 2. HP: 19/19 MP: 2/2
   382 | D:2      | Noticed Natasha
   397 | D:2      | Killed Natasha
   397 | D:2      | Reached XP level 3. HP: 8/24 MP: 3/3
   589 | D:2      | Gained mutation: Your skin changes colour to match your surroundings (Stealth+). [potion of mutation]
   589 | D:2      | Gained mutation: You are surrounded by a mild repulsion field. (EV +2) [potion of mutation]
   589 | D:2      | Gained mutation: You have a pair of small horns on your head. [potion of mutation]
   589 | D:2      | Gained mutation: Your mind is acute. (Int +2) [potion of mutation]
   774 | D:2      | Noticed Natasha
   779 | D:2      | Killed Natasha
   779 | D:2      | Reached XP level 4. HP: 22/29 MP: 4/4
   804 | D:2      | Found an opulent altar of Gozag.
   991 | D:2      | Noticed Natasha
   999 | D:2      | Killed Natasha
  1418 | D:3      | Reached XP level 5. HP: 33/33 MP: 5/5
  2083 | D:3      | Noticed Ijyb
  2097 | D:3      | Killed Ijyb
  2160 | D:3      | Reached XP level 6. HP: 38/38 MP: 6/6
  2225 | D:3      | You are sucked into a shaft for 3 floors!
  2225 | D:6      | Noticed an orc warrior
  2248 | D:6      | Slain by an orc warrior

Vault maps used:
D:1:      dpeg_arrival_arbitrary_b, kennysheep_doodads
D:2:      nicolae_gozag_seed_capital, uniq_natasha
D:3:      kennysheep_six_static_rooms, serial_bayou, uniq_ijyb
D:6:      fedhas_altar_3, uniq_eustachio

Skill      XL: |  1  2  3  4  5 |
---------------+----------------+-----
Fighting       | 4 |  4.2
Maces & Flails | 3 |  3.7
Armour         | 4 |  4.3
Shields        | 4 |  4.2
Dodging        | |  0.8
Stealth        | |  0.5

Action                   |  1- 3 |  4- 6 || total
-------------------------+-------+-------++-------
Melee: Flail             |    59 |   175 ||   234
       Headbutt          |     6 |    27 ||    33
  Use: Scroll            |     4 |     2 ||     6
       Potion            |     3 |     5 ||     8
  Eat: Chunk             |       |     5 ||     5
Armor: Scale mail        |    23 |   113 ||   136
Dodge: Dodged            |    14 |    90 ||   104
Block: Shield            |    23 |   136 ||   159
